 Dungeon Crawl Stone Soup version 0.27.1-34-g3ba077fa99 (webtiles) character file.

Game seed: 3528081802654750724

1325 backslashecho the Cleaver (level 8, -3/73 HPs)
             Began as a Minotaur Fighter on Jan 2, 2022.
             Slain by a manticore (20 damage)
             ... on level 6 of the Dungeon.
             The game lasted 00:10:05 (5949 turns).

backslashecho the Cleaver (Minotaur Fighter)        Turns: 5949, Time: 00:10:05

Health: -3/73      AC: 11    Str: 18    XL:     8   Next: 34%
Magic:  7/7        EV:  8    Int:  5    God:
Gold:   292        SH: 10    Dex: 11    Spells: 7/7 levels left

rFire    . . .     SeeInvis +   d - +1 hand axe of Dithryuq {freeze, *Noise Will+++ Str-4 SInv}
rCold    . . .     Faith    .   c - +0 kite shield
rNeg     . . .     Spirit   .   u - +0 scale mail
rPois    .         Reflect  .   (helmet restricted)
rElec    .         Harm     .   C - +2 cloak
rCorr    .         Rampage  .   (no gloves)
Will     +++..                  s - +0 pair of boots
Stlth    ..........             (no amulet)
HPRegen  0.22/turn              B - ring of see invisible
MPRegen  0.10/turn              (no ring)

@: very slightly contaminated, invisible
A: horns 2, retaliatory headbutt
a: no special abilities


You were on level 6 of the Dungeon.
You visited 1 branch of the dungeon, and saw 6 of its levels.

You collected 292 gold pieces.

Inventory:

Hand Weapons
 a - a +1 war axe
 b - a +2 hand axe of flaming
 d - the +1 hand axe of Dithryuq (weapon) {freeze, *Noise Will+++ Str-4 SInv}
   (You found it on level 4 of the Dungeon)

   It freezes those it strikes, dealing additional cold damage.
   It can also slow down cold-blooded creatures.
   Str:       It affects your strength (-4).
   SInv:      It lets you see invisible.
   *Noise:    It may make noises in combat.
   Will:      It greatly increases your willpower.
Missiles
 E - a throwing net (quivered)
Armour
 c - a +0 kite shield (worn)
 s - a +0 pair of boots (worn)
 u - a +0 scale mail (worn)
 C - a +2 cloak (worn)
Jewellery
 v - a ring of ice
 B - a ring of see invisible (left hand)
Wands
 q - a wand of iceblast (6)
 z - a wand of paralysis (5)
Scrolls
 i - 2 scrolls of identify
 j - a scroll of torment
 k - a scroll of enchant armour
 m - 3 scrolls of acquirement {unknown}
 n - a scroll of silence {unknown}
 o - 2 scrolls of teleportation {unknown}
 p - a scroll of vulnerability {unknown}
 r - 2 scrolls of immolation {unknown}
 w - a scroll of fear
 y - 2 scrolls of amnesia {unknown}
 A - a scroll of blinking {unknown}
Potions
 e - a potion of lignification {unknown}
 f - a potion of brilliance {unknown}
 g - 2 potions of flight {unknown}
 h - a potion of heal wounds {unknown}
 l - 3 potions of curing
 t - 2 potions of magic {unknown}
 D - 2 potions of mutation {unknown}


   Skills:
 + Level 7.1 Fighting
 * Level 8.9 Axes
 - Level 4.0 Armour
 + Level 7.0 Shields


You had 7 spell levels left.
You didn't know any spells.
Your spell library contained the following spells:

 Spells                   Type           Power      Damage    Failure   Level
 Animate Skeleton         Necr           0%         N/A       99%         1
 Apportation              Tloc           0%         N/A       99%         1
 Corona                   Hex            0%         N/A       99%         1
 Summon Small Mammal      Summ           0%         N/A       99%         1
 Slow                     Hex            0%         N/A       100%        2
 Confusing Touch          Hex            0%         N/A       100%        3
 Vampiric Draining        Necr           0%         2d6       100%        3
 Malign Gateway           Summ/Tloc      0%         N/A       100%        7
 Summon Horrible Things   Summ           0%         N/A       100%        8


Dungeon Overview and Level Annotations

Branches:
Dungeon (6/15)
 Temple: D:4-7

Altars:
Hepliaklqana
Nemelex Xobeh
Qazlal
Trog

Shops:
D:2 [


Innate Abilities, Weirdness & Mutations

You have a pair of horns on your head.
You reflexively headbutt those who attack you in melee.


Message History

You are too injured to fight recklessly!
You are too injured to fight recklessly!
You are too injured to fight recklessly!
You hit the river rat but do no damage.
A rat comes into view.
You block the river rat's attack.
You fade into invisibility!
The river rat barely misses you. You furiously retaliate!
You headbutt the river rat, but do no damage.
You are very lightly contaminated with residual magic.
You hit the river rat. You freeze the river rat. You headbutt the river rat.
The river rat is heavily wounded.
The river rat closely misses you.
You barely miss the river rat. You headbutt the river rat.
The river rat is severely wounded.
The river rat barely misses you. You furiously retaliate!
You headbutt the river rat.
You kill the river rat!
You are too injured to fight recklessly!
You are too injured to fight recklessly!
You are too injured to fight recklessly!
You are too injured to fight recklessly!
You barely miss the rat. You headbutt the rat.
You kill the rat!
You catch the helpless rat completely off-guard!
You hit the rat. You freeze the rat.
You kill the rat!
You hit the manticore but do no damage.
The manticore is lightly wounded.
A quokka comes into view.
The manticore bites you!
* * * LOW HITPOINT WARNING * * *
The manticore closely misses you. The manticore barely misses you.
A quokka comes into view.
You take 17 damage, and have 17/73 hp.
MASSIVE DAMAGE!!
You closely miss the manticore.
The manticore is lightly wounded.
The rat twitches its whiskers.
The manticore bites you!!
You die...

.....#.........#
######....###..#
###### ##.#
##.## #.#.##
##.#.# ##.##
##.# ###@# #rH##
#r#r# # #r# .r.
.#r.. r##..#. #r
.##.#r . . # ##


You could see a manticore, 2 quokkas and 4 rats.

Vanquished Creatures
  Sigmund (D:3)
  2 black bears
  A sky beast (D:6)
  2 ogres (D:4)
  2 scorpions
  A water moccasin zombie (D:5)
  3 hounds
  A centaur skeleton (D:4)
  2 iguanas
  2 orc wizards
  A hound skeleton (D:4)
  4 gnolls (D:5)
  14 adders
  4 river rats (D:6)
  2 white imps
  2 ufetubi
  2 adder skeletons
  A dart slug (D:1)
  13 orcs
  6 ball pythons
  5 endoplasms
  3 giant cockroaches
  6 goblins
  7 hobgoblins
  5 jackals
  3 quokkas
  4 bats
  3 frilled lizards
  10 kobolds
  8 rats
120 creatures vanquished.

Notes
Turn   | Place    | Note
-------+----------+-------------------------------------------
     0 | D:1      | backslashecho the Minotaur Fighter began the quest for the
                  | Orb.
     0 | D:1      | Reached XP level 1. HP: 19/19 MP: 0/0
   196 | D:1      | Reached XP level 2. HP: 20/27 MP: 1/1
   325 | D:1      | Reached skill level 3 in Axes
   378 | D:1      | Found a faded altar of an unknown god.
  1190 | D:2      | Found Miafon's Armour Shoppe.
  1252 | D:2      | Reached XP level 3. HP: 33/33 MP: 2/2
  1729 | D:2      | Reached skill level 4 in Axes
  1729 | D:2      | Reached XP level 4. HP: 23/41 MP: 3/3
  2134 | D:3      | Found a stormy altar of Qazlal.
  2478 | D:3      | Noticed Sigmund
  2483 | D:3      | Killed Sigmund
  2484 | D:3      | Reached skill level 5 in Fighting
  2484 | D:3      | Reached skill level 5 in Axes
  2484 | D:3      | Reached skill level 5 in Shields
  2484 | D:3      | Reached XP level 5. HP: 41/48 MP: 4/4
  2598 | D:3      | Reached XP level 6. HP: 51/56 MP: 5/5
  2756 | D:3      | Found a hazy altar of Hepliaklqana.
  3119 | D:4      | Identified the +1 hand axe of Dithryuq {freeze, *Noise
                  | Will+++ Str-4 SInv}
  3237 | D:4      | Reached skill level 6 in Axes
  3456 | D:4      | You fall into a shaft and drop 1 floor!
  3456 | D:5      | Entered Level 5 of the Dungeon
  3495 | D:5      | Reached XP level 7. HP: 31/62 MP: 6/6
  3658 | D:4      | Reached skill level 7 in Axes
  3791 | D:4      | HP: 3/62 [ogre (18)]
  4200 | D:4      | Found a sparkling altar of Nemelex Xobeh.
  4712 | D:5      | Reached skill level 8 in Axes
  4807 | D:5      | Reached XP level 8. HP: 71/71 MP: 7/7
  5492 | D:6      | Found a bloodstained altar of Trog.
  5926 | D:6      | Noticed a manticore
  5949 | D:6      | Slain by a manticore

Illustrated notes

Levels and vault maps discovered:
D:1:      evilmike_arrival_plus, layout_basic, chequers_ecumenical_altar_island,
          wad_floor_pattern_untrapped, minmay_cupped
D:2:      layout_basic, serial_shops, shop
D:3:      minmay_wonky_spiral, layout_loops_ring, nzn_hepliaklqana_mist_gate,
          nicolae_qazlal_general_emergency, due_unseen_surprise, uniq_sigmund
D:4:      layout_gridville, nemelex_xobeh_ov_fountains_minmay
D:5:      layout_loops_ring
D:6:      lemuel_ratsnest, layout_basic, mainiacjoe_overflow_alcove_4,
          trog_hazing_becter, minmay_temple_entry_tees, uniq_prince_ribbit1,
          uniq_maggie

Skill      XL: |  1  2  3  4  5  6  7  8 |
---------------+-------------------------+-----
Axes           | 3 4 5 6 8 |  8.9
Shields        | 4 5 6 7 |  7.0
Fighting       | 4 5 6 7 |  7.1
Armour         | 4 |  4.0

Action                   |  1- 3 |  4- 6 |  7- 9 || total
-------------------------+-------+-------+-------++-------
Melee: War axe           |    80 |    48 |       ||   128
       Headbutt          |    12 |    10 |    25 ||    47
       Hand axe          |       |    49 |   174 ||   223
Evoke: Wand              |       |     1 |     3 ||     4
  Use: Potion            |       |     1 |     1 ||     2
       Scroll            |       |     3 |     3 ||     6
 Stab: Paralysed         |       |       |     3 ||     3
       Invisible         |       |       |     1 ||     1
Armor: Scale mail        |    43 |    59 |    58 ||   160
Dodge: Dodged            |    30 |    31 |    50 ||   111
Block: Kite shield       |    53 |    49 |    80 ||   182
